 Dungeon Crawl Stone Soup version 0.31.0-11-ge490571c62 (console) character file.

Game seed: 8398082505237191794

249 AlterAsc the Cleaver (level 6, -2/51 HPs)
             Began as a Hill Orc Fighter on Feb 10, 2024.
             Succumbed to an orc wizard's poison
             ... on level 3 of the Dungeon.
             The game lasted 00:04:47 (2487 turns).

AlterAsc the Cleaver (Hill Orc Fighter)             Turns: 2487, Time: 00:04:47

Health: -2/51      AC: 16    Str: 21    XL:     6   Next: 12%
Magic:  6/6        EV:  5    Int:  8    God:
Gold:   94         SH:  4    Dex: 10    Spells: 5/5 levels left

rFire   . . .        a - +0 war axe
rCold   + . .        c - +0 buckler
rNeg    . . .        o - +0 plate armour
rPois   .            f - +0 helmet
rElec   .            j - +0 cloak
rCorr   .            w - +0 pair of gloves
SInv    .            m - +0 pair of boots
Will    .....        (no amulet) Stlth
                     t - ring of protection from cold
HPRegen 0.28/turn    (no ring)
MPRegen 0.10/turn

%: no passive effects
@: lethally poisoned (-2 -> -20), attractive
A: no striking features
a: no special abilities


You were on level 3 of the Dungeon.
You visited 1 branch of the dungeon, and saw 4 of its levels.

You collected 118 gold pieces.
You spent 24 gold pieces at shops.

Inventory:

Hand Weapons
 a - a +0 war axe (weapon)
 u - a +0 trident
 x - a +1 hand axe of flaming
Missiles
 k - 10 poisoned darts (quivered)
Armour
 b - a +0 scale mail
 c - a +0 buckler (worn)
 f - a +0 helmet (worn)
 j - a +0 cloak (worn)
 m - a +0 pair of boots (worn)
 o - a +0 plate armour (worn)
 w - a +0 pair of gloves (worn)
Jewellery
 t - a ring of protection from cold (left hand)
Scrolls
 g - a scroll of immolation
 h - 2 scrolls of fear
 l - a scroll of amnesia
 n - a scroll of fog {unknown}
 q - a scroll of torment {unknown}
Potions
 d - a potion of might
 e - a potion of attraction
 i - 2 potions of resistance {unknown}
 p - a potion of mutation {unknown}
 r - a potion of curing {unknown}
 s - 2 potions of ambrosia {unknown}
 v - a potion of lignification {unknown}


   Skills:
 - Level 3.6 Fighting
 + Level 8.2 Axes
 - Level 3.2 Armour
 - Level 3.2 Shields


You had 5 spell levels left.
You didn't know any spells.
Your spell library contained the following spells:

 Spells                   Type           Power      Damage    Failure   Level
 Foxfire                  Conj/Fire      0%         2x1d4     100%        1
 Summon Small Mammal      Summ           0%         N/A       100%        1
 Call Canine Familiar     Summ           0%         N/A       100%        3
 Summon Blazeheart Golem  Fire/Summ      0%         N/A       100%        4
 Plasma Beam              Fire/Air       0%         2x1d10    100%        6
 Starburst                Conj/Fire      0%         6d3       100%        6


Dungeon Overview and Level Annotations

Branches:
Dungeon (4/15)
 Temple: D:4-7

Altars:

Shops:
D:1 :   D:2 ?   D:3 (


Message History

You kill the orc!
You miss something.
You feel sick. Something hits you but does no damage.
You are more poisoned.
Deactivating autopickup; reactivate with Ctrl-A.
You feel very sick.
Things that are here:
a +1 hand axe of flaming; a +0 leather armour
x - a +1 hand axe of flaming You feel very sick.
Something hits you but does no damage.
You are more poisoned.
You are quite poisoned (37 -> 18).
Your movement speed is average.
Your attack delay is about 1.1.
Your damage rating with your +0 war axe is about 17 (Base 11 x 127% (Str) x 123% (Skill)).
You hit something.
You feel very sick. Something hits you but does no damage.
You are more poisoned.
You hit something but do no damage.
You feel very sick.
You hear some strange, mumbled words.
A magic dart appears from out of thin air!
The magic dart hits you.
You hit something.
You feel very sick. Something hits you.
You are lethally poisoned!
You barely miss something.
* * * LOW HITPOINT WARNING * * *
You feel very sick. Something hits you but does no damage.
You are more poisoned.
* * * LOW HITPOINT WARNING * * *
You feel extremely sick.
You hear some strange, mumbled words.
Something tries to affect you, but you resist.
* * * LOW HITPOINT WARNING * * *
You feel very sick.
It was a potion of attraction.
You feel attractive to monsters.
You die...

#### ######## #... #......# #.##
#.####.# #.# ############## #.#
#.# ##.## .............# #.# #.#
##..)#
.###########.###.####.######..#..
.# #.#................###. .#
##.###.####.######..#.. .#
######...##.####.# ##...#
.#####..........@.[>..# ##.##
............<.#######.########.#
..####.#####..# #..........#
..####..# #..# #.########.#
.....##.####..# #.# #.#
.)<.........))# #.# #.#
#.##.##.#####.#######.########†##
#.##.##.# #)...................
#.##.##.# #)#############.##.##
#.##.##.#####.# #.##.#
#..#...[......# #.##.##


There were no monsters in sight!

Vanquished Creatures
  A howler monkey (D:4)
  A hound (D:4)
  Jessica (D:3)
  An orc wizard (D:3)
  3 adders
  2 ufetubi (D:3)
  2 dart slugs
  9 orcs
  8 ball pythons
  6 bats
  8 endoplasms
  4 giant cockroaches
  6 goblins
  10 hobgoblins
  3 jackals (D:3)
  4 frilled lizards
  5 kobolds
  6 rats
80 creatures vanquished.

Notes
Turn   | Place    | Note
-------+----------+-------------------------------------------
     0 | D:1      | AlterAsc the Hill Orc Fighter began the quest for the Orb.
     0 | D:1      | Reached XP level 1. HP: 19/19 MP: 1/1
    74 | D:1      | Reached skill level 3 in Axes
   124 | D:1      | Reached XP level 2. HP: 26/26 MP: 2/2
   189 | D:1      | Reached skill level 4 in Axes
   301 | D:1      | Found Bapagaib's Book Shop.
   413 | D:1      | Reached XP level 3. HP: 30/31 MP: 3/3
   643 | D:1      | Reached skill level 5 in Axes
  1089 | D:2      | Reached XP level 4. HP: 39/39 MP: 4/4
  1155 | D:2      | Found The Oracle's Delphic Readings.
  1177 | D:2      | Bought a scroll of identify for 24 gold pieces
  1444 | D:3      | Reached skill level 6 in Axes
  1475 | D:3      | Reached XP level 5. HP: 41/45 MP: 5/5
  1776 | D:3      | Noticed Jessica
  1783 | D:3      | Reached skill level 7 in Axes
  1794 | D:3      | Killed Jessica
  1934 | D:3      | Found Meppalua's Antique Weapon Shoppe.
  2284 | D:4      | Reached skill level 8 in Axes
  2284 | D:4      | Reached XP level 6. HP: 49/51 MP: 6/6
  2487 | D:3      | Succumbed to an orc wizard's poison

Illustrated notes

Levels and vault maps discovered:
D:1:      onia_arrival_mini_maze_b, layout_loops_ring, serial_shops,
          nicolae_book_shop_shelving, minmay_heptomino_o4
D:2:      layout_basic, chequers_serial_rivers_small_b,
          nicolae_nh_oracle_at_delphi
D:3:      layout_loops_ring, serial_shops, nicolae_shop_peninsula, uniq_jessica
D:4:      layout_gridville, uniq_robin

Skill      XL: |  1  2  3  4  5 |
---------------+----------------+-----
Axes           | 3 4 5 6 8 |  8.2
Fighting       | |  3.6
Armour         | |  3.2
Shields        | |  3.2

Action                     |  1- 3 |  4- 6 || total
---------------------------+-------+-------++-------
  Melee: War axe           |    88 |   131 ||   219
    Use: Scroll            |       |     3 ||     3
         Potion            |       |     1 ||     1
 Armour: Scale mail        |    43 |       ||    43
         Plate armour      |    18 |   147 ||   165
  Dodge: Dodged            |    43 |    36 ||    79
  Block: Buckler           |    21 |    29 ||    50
